Cogmind - Beta 16 @@@ ROGUE MODE // 2025.12.25 @ 23:26:51 Player: H3-MLN Result: Destroyed by YI-UF0 with YI-UF0's Doublenader Performance ------------- Evolutions (0) 0 Regions Visited (2) 400 Robots Destroyed (13) 65 Value Destroyed (316) 316 Prototype IDs (0) 0 Alien Tech Used (0) 0 Bonus (-27) -27 TOTAL SCORE: 754 Bonus ------- Friendly Fire -27 Cogmind --------- Core Integrity 0/250 Matter 279/300 Energy 250/250 System Corruption 0% Temperature Cool (0) Movement Rolling (110) Ox2 Location -10/Mines Parts ------- > --- POWER (1) -------- Ion Engine > --- PROPULSION (2) --- Wheel Wheel > --- UTILITY (2) ------ High-capacity Storage Unit > --- WEAPON (2) ------- Grenade Launcher > --- INVENTORY (20) --- Wheel Compact Wheel Medium Matter Pod (0) Grenade Launcher Mining Laser Mining Claw Peak State ------------ > --- POWER ------------ Ion Engine > --- PROPULSION ------- Light Treads Compact Wheel > --- UTILITY ---------- Small Storage Unit Seismic Detector > --- WEAPON ----------- Small Laser Light Assault Rifle > --- INVENTORY -------- Ion Engine Light Treads Wheel Small Laser [Rating: 7] Favorites ----------- Power Ion Engine Engine Ion Engine Propulsion Light Treads Treads Light Treads Wheel Compact Wheel Utility Seismic Detector Device Seismic Detector Storage Small Storage Unit Weapon Small Laser Energy Gun Small Laser Ballistic Gun Light Assault Rifle Launcher Grenade Launcher Build | -11 -10 -10 ------- Run | Yrd Mat Min Slots Evolved . | . . . Power . | . . . Propulsion . | . . . Utility . | . . . Weapon . | . . . Parts Attached 14 | 7 4 3 Power 2 | 1 1 . Engine 2 | 1 1 . Core . | . . . Reactor . | . . . Propulsion 5 | 2 1 2 Treads 2 | 1 . 1 Leg . | . . . Wheel 3 | 1 1 1 Hover . | . . . Flight . | . . . Utility 3 | 2 1 . Device 1 | 1 . . Storage 2 | 1 1 . Processor . | . . . Hackware . | . . . Protection . | . . . Artifact . | . . . Weapon 4 | 2 1 1 Energy Gun 2 | 1 1 . Energy Cannon . | . . . Ballistic Gun 1 | 1 . . Ballistic Cannon . | . . . Launcher 1 | . . 1 Special Weapon . | . . . Impact Weapon . | . . . Slashing Weapon . | . . . Piercing Weapon . | . . . Special Melee Weapon . | . . . Unidentified Prototypes . | . . . Parts Lost 6 | . 1 5 Power 1 | . 1 . Propulsion 2 | . . 2 Utility 1 | . . 1 Weapon 2 | . . 2 Highest Loss Streak 5 | . 1 5 To Critical Strikes . | . . . Average Backups 6 | 2 7 8 Power . | . . . Propulsion 3 | 1 3 3 Utility . | . . 1 Weapon 2 | . 2 3 Tool/Special . | . . . Unused Backups 4 | . . 4 Power . | . . . Propulsion 1 | . . 1 Utility . | . . . Weapon 3 | . . 3 Tool/Special . | . . . Average Slot Usage (%) 97 | . 100 77 Engine 14 | . 14 14 Treads 13 | . 14 11 Wheel 13 | . 14 8 Device 13 | . 14 5 Storage 14 | . 14 14 Energy Gun 13 | . 14 11 Ballistic Gun 13 | . 14 8 Peak Build Rating 7 | 7 7 7 Average Rating 6 | 4 6 5 On Entrance 4 | . 7 7 Avg Prop Armor Cover (%) 13 | 10 13 16 Naked Turns . | . . . Heaviest Build 48 | 13 48 48 Greatest Support 20 | 20 16 20 Greatest Overweight (x) 4 | . 4 4 Average Overweight (x) . | . . 3 Largest Inventory Capacity 20 | 8 20 20 Average Capacity 11 | 6 11 20 Most Carried 9 | 5 9 9 Average Carried 6 | 3 7 8 Final Capacity 20 | 8 20 20 Final Carried 9 | 5 9 6 Class Distribution -------------------- 100% | Mutant Dominant Class ---------------- Mutant | -10/Materials Mutant | -10/Mines Resources | -11 -10 -10 ----------- Run | Yrd Mat Min Matter Collected 355 | 274 81 . Remotely . | . . . Salvage Created 497 | 86 411 . Parts 27 | 6 21 . Haulers Intercepted . | . . . Recyclers Shooed 4 | . 4 . Parts Field Recycled . | . . . Retrieved Matter . | . . . Parts Self-Destructed . | . . . Prevented . | . . . Parts Restored . | . . . Kills | -11 -10 -10 ------- Run | Yrd Mat Min Combat Hostiles Destroyed 8 | . 8 . Guns 8 | . 8 . Classes Destroyed 5 | 2 3 . Worker 2 | . 2 . Tunneler 1 | 1 . . Recycler 1 | 1 . . Operator 1 | . 1 . Grunt 8 | . 8 . Best Kill Streak 4 | 2 4 . Combat Bots Only 2 | . 2 . Max Kills in Single Turn 1 | 1 1 . Gunslinging . | . . . Exploded . | . . . Melee . | . . . Uniques/NPCs Destroyed . | . . . Combat | -11 -10 -10 -------- Run | Yrd Mat Min Hostile Shots Fired 70 | . 42 28 Missed 21 | . 12 9 Hits 49 | . 30 19 Projectile 49 | . 30 19 AOE 21 | . . 21 Damage Taken 926 | . 351 575 Core 253 | . 72 181 Absorbed by Shields . | . . . Core Remaining (%) 100 | 100 . . Volleys Fired 57 | 4 46 7 Largest 2 | 2 2 2 Hottest 60 | 60 60 60 Shots Fired 109 | 8 88 13 Gun 109 | 8 88 13 Cannon . | . . . Launcher . | . . . Special . | . . . Kinetic 56 | 4 46 6 Thermal 53 | 4 42 7 Explosive . | . . . Electromagnetic . | . . . Robot Hit Streak 10 | 5 10 7 Robot Miss Streak 5 | 1 4 5 Penetration Max . | . . . Secondary Targets 2 | . 2 . Max Gunslinging Chain 1 | . 1 . Shots Hit Robots 68 | 6 53 9 Core Hits 29 | 4 24 1 Critical Kills 1 | . 1 . Critical Parts Destroyed . | . . . Critical Strikes 1 | . 1 . Destroy 1 | . 1 . Melee Attacks . | . . . Impact . | . . . Slashing . | . . . Piercing . | . . . Sneak Attacks . | . . . Combat Hostiles . | . . . Follow-up Attacks . | . . . Damage Inflicted 679 | 52 540 87 Guns 679 | 52 540 87 Cannons . | . . . Explosions . | . . . Melee . | . . . Ramming . | . . . Kinetic 292 | 31 220 41 Thermal 387 | 21 320 46 Explosive . | . . . Electromagnetic . | . . . Impact . | . . . Slashing . | . . . Piercing . | . . . Highest Corruption . | . . . Average Corruption . | . . . Corruption Purged . | . . . Corruption Blocked . | . . . Overload Shots . | . . . Overflow Damage . | . . . Projectiles . | . . . Explosions . | . . . Melee . | . . . Knockbacks . | . . . Impact . | . . . Kinetic . | . . . Secondary . | . . . Self-Inflicted Damage . | . . . Shots . | . . . Rammed . | . . . Targets Rammed . | . . . Kicked . | . . . Crushed . | . . . Highest Temperature 132 | 40 132 40 Average Temperature 50 | 27 55 21 Received Heat Transfer 192 | . 192 . Siege Activations . | . . . Martial Activations . | . . . Shielding Activations . | . . . Robots Disrupted . | . . . Combat Hostiles . | . . . Robots Corrupted . | . . . Combat Hostiles . | . . . Parts Fried . | . . . Impact Corruptions . | . . . Robots Melted . | . . . Combat Hostiles . | . . . Parts Melted . | . . . Heat Transferred 875 | 50 725 100 Parts Sabotaged . | . . . Parts Stolen . | . . . Parts Stripped . | . . . Power Chain Reactions . | . . . Alert | -11 -10 -10 ------- Run | Yrd Mat Min Maximum Alert Level . | . . . Low Security (%) 100 | 100 100 100 Level 1 . | . . . Level 2 . | . . . Level 3 . | . . . Level 4 . | . . . Level 5 . | . . . High Security . | . . . Max Security . | . . . Peak Influence 80 | 10 80 27 Initial 27 | . . 27 Average 20 | . 25 7 Influence Increases 213 | 10 203 . Destroy 0b10 Robot/C 160 | . 160 . Destroy 0b10 Robot/NC 25 | 10 15 . Destroy Leader 20 | . 20 . Successful Hack 8 | . 8 . Influence Decreases 213 | 10 133 70 Entered New Map 43 | . . 43 Time Decay 140 | 10 123 7 Lost Part 30 | . 10 20 Squads Dispatched 1 | . 1 . Investigation 1 | . 1 . Extermination . | . . . Reinforcement . | . . . Assault . | . . . Garrison . | . . . Intercept . | . . . Searches Triggered . | . . . Construction Impeded . | . . . Haulers Reinforced . | . . . Active Scanning Responses . | . . . Cargo Convoy Interrupts . | . . . Stealth | -11 -10 -10 --------- Run | Yrd Mat Min Distress Signals 1 | . 1 . Communications Jammed . | . . . Distress Signals . | . . . Times Spotted 16 | . 12 4 Peak Tracking Total 5 | . 3 5 Tactical Retreats . | . . . Traps | -11 -10 -10 ------- Run | Yrd Mat Min Traps Triggered 1 | . 1 . Indirectly . | . . . Trap Hack Attempts . | . . . Triggered . | . . . Disarmed . | . . . Reprogrammed . | . . . Reused . | . . . Traps Extracted . | . . . Installed . | . . . Triggered . | . . . Machines | -11 -10 -10 ---------- Run | Yrd Mat Min Machines Disabled . | . . . Max in Single Turn . | . . . Machines Repaired . | . . . Machines Dismantled . | . . . Machines Sabotaged . | . . . Overloaded Fab Kills . | . . . Hacking | -11 -10 -10 --------- Run | Yrd Mat Min Machines Accessed 5 | . 5 . Terminals 5 | . 5 . Fabricators . | . . . Repair Stations . | . . . Recycling Units . | . . . Scanalyzers . | . . . Garrison Access . | . . . Total Hacks 10 | . 10 . Successful 3 | . 3 . Failed 7 | . 7 . Catastrophic 3 | . 3 . Database Lockouts . | . . . Manual 5 | . 5 . Terminals 10 | . 10 . Fabricators . | . . . Repair Stations . | . . . Recycling Units . | . . . Scanalyzers . | . . . Garrison Access . | . . . Terminal Hacks 3 | . 3 . Part Schematic 1 | . 1 . Robot Analysis 1 | . 1 . Locate Traps 1 | . 1 . Fabricator Hacks . | . . . Repair Station Hacks . | . . . Recycling Unit Hacks . | . . . Scanalyzer . | . . . Garrison Access Hacks . | . . . Unauthorized Hacks . | . . . Terminals . | . . . Fabricators . | . . . Repair Stations . | . . . Recycling Units . | . . . Scanalyzers . | . . . Garrison Access . | . . . Data Cores Recovered 1 | . 1 . Used 1 | . 1 . Hacking Detections 5 | . 5 . Full Trace Events . | . . . Feedback Events . | . . . Feedback Blocked . | . . . Robot Schematics Acquired . | . . . Robots Built . | . . . Authchips . | . . . Time . | . . . Total Robot Build Rating . | . . . Part Schematics Acquired 1 | . 1 . Parts Built . | . . . Authchips . | . . . Time . | . . . Total Part Build Rating . | . . . Part Studies Acquired . | . . . Parts Repaired . | . . . Time . | . . . Parts Recycled . | . . . Recycled Matter . | . . . Retrieved Matter . | . . . Retrieved Components . | . . . Parts Scanalyzed . | . . . Part Schematics Acquired . | . . . Parts Damaged . | . . . Bothacking | -11 -10 -10 ------------ Run | Yrd Mat Min Used RIF Installer . | . . . Robots Hacked . | . . . Non-combat . | . . . Combat . | . . . Robot Hacks Applied . | . . . Relay Couplers Released . | . . . Fabnet Peak Effective % . | . . . Robots Rewired . | . . . Allies Hacked . | . . . Hacks Repelled . | . . . Allies | -11 -10 -10 -------- Run | Yrd Mat Min Total Allies . | . . . Largest Group . | . . . Highest-Rated Group . | . . . Highest-Rated Ally . | . . . Total Orders . | . . . Ally Attacks . | . . . Total Damage . | . . . Kills . | . . . Allies Corrupted . | . . . Allies Melted . | . . . Intel | -11 -10 -10 ------- Run | Yrd Mat Min Active Infowar (turns) 402 | 15 377 10 Seismic 402 | 15 377 10 Robot Analysis Total 1 | . 1 . Derelict Logs Recovered . | . . . Drone Launches . | . . . Drone Recoveries . | . . . Exploration | -11 -10 -10 ------------- Run | Yrd Mat Min Turns Passed 496 | 76 377 43 Spaces Moved 279 | 40 226 13 Core 2 | 2 . . Treads 17 | 17 . . Legs . | . . . Wheels 260 | 21 226 13 Hover . | . . . Flight . | . . . Fastest Speed 50 | 50 95 110 Average Speed 107 | 123 103 130 Slowest Speed 160 | 160 140 140 Overloaded Moves . | . . . Propulsion Burnouts . | . . . Robots Hopped . | . . . Potential Cave-ins . | . . . Cave-ins Triggered . | . . . Exploration Rate (%) 24 | 4 57 12 Regions Visited 2 Branch Regions 1 Pre-discovered Areas . | . . . Known Exits Taken . | . . . Unknown Exits Taken 2 | 1 1 . Scrap Searched . | . . . Spaces Dug . | . . . Terrain Destroyed . | . . . Melee . | . . . Projectile . | . . . AOE . | . . . Terrain Rammed . | . . . Walls Destroyed . | . . . Machines Disabled . | . . . Actions | -11 -10 -10 --------- Run | Yrd Mat Min Total 375 | 56 292 27 Wait 13 | 1 9 3 Move 277 | 39 225 13 Hop . | . . . Pick Up 10 | 5 5 . Fast Attach 7 | 7 . . Attach 4 | . 1 3 Detach . | . . . Swap 4 | . 3 1 Drop 3 | . 3 . Fire 57 | 4 46 7 Melee . | . . . Ram . | . . . Kick . | . . . Crush . | . . . Escape Stasis . | . . . Rewire . | . . . Trap . | . . . Miscellaneous . | . . . Route ------- -11/Scrapyard -10/Materials (discovered 2 exits: [*Mat] / [*Min]) -10/Mines History --------- Turn | Location | Event 6 | -11/Scrapyard | Discovered new exit (range 15) 77 | -11/Scrapyard | Entered Materials 157 | -10/Materials | Discovered new exit (range 16) 307 | -10/Materials | Discovered new exit (range 8) 309 | -10/Materials | Build established: Mutant 454 | -10/Materials | Entered Mines 472 | -10/Mines | Core integrity fell below 50% 485 | -10/Mines | Core integrity fell below 20% 497 | -10/Mines | Destroyed by YI-UF0 with YI-UF0's Doublenader Last Messages --------------- 00463_ YI-UF0: "BOOM TO YOU TOO!" 00464_ Seismic Detector destroyed. 00464_ Lgt. Treads destroyed. 00470_ The unstable cave ceiling collapses. 00476_ Lgt. Assault Rifle destroyed. 00482_ YI-UF0 mumbles something. 00483_ The unstable cave ceiling collapses. 00486_ Lgt. Treads destroyed. 00488_ The unstable cave ceiling collapses. 00488_ Sml. Laser destroyed. 00491_ YI-UF0 mumbles something. 00491_ The unstable cave ceiling collapses. 00492_ U-05 Engineer builds a Wall. 00494_ YI-UF0 mumbles something. 00494_ T-07 Excavator is excavating. 00495_ YI-UF0: "KAPOW!" 00495_ S-10 Pest destroyed. 00495_ YI-UF0: "KABOOM!" 00495_ S-10 Pest destroyed. 00496_ The unstable cave ceiling collapses. Map ----- +----------------------------------------------------+ | ????????????????????????# ????????????????????? | | ????????????????????????# ????????????????????? | | ????????????????????????# ????????????????????? | | ????????????????????????# ##???#??????????????? | | ???????????????????????## ##? #??????????????? | | ??????????????????????## #? #??????????????? | | ??????????????????????# ## #??????????????? | | ??????????????????????# # ##?????????????? | | ??????????????????????# ##????????????? | | ?????????????????????## #????????????? | | ?????????????????????# #????????????? | | ?????????????????????# #????????????? | | ????????????????????## #????????????? | | ??????????????????### # #????????????? | | ????????????????### g #????????????? | | ????????????????# # ##????????????? | | ????????????????# % #????????????? | | ????????????????# # [ ?????????????? | | ?????????? #### [%#?????????????? | | ?????????# u #?????????????? | | ?????????? # #??#??????????? | | ??????????? #### ## #? # # t#???????? | | ????????????????#??## # #???????? | | ???????????????????# # #????????? | | ????????????????# ### #????????? | | ????????????????# @ ### #????????? | | ????????????????##############??? ???????? | | ?????????????????????????????????? ????????? | | ???????????????????????????????????? ????????? | | ????????????????????????????????????? ????????? | | ??????????????????????????????????????????????? | | ??????????????????????????????????????????????? | | | | | | | | | | | | | | | | | | | | | | | | | | | | | | | | | | | | | +----------------------------------------------------+ Best States ------------- Heat Dissipation 25 Energy Generation 10 Energy Capacity 250 Matter Stores 300 Matter Capacity 300 Sight Range 16 Terrain Scan Density 10 Evasion (%) 41 Recoil Reduction 1 Item Schematics ----------------- Huge Storage Unit | -10/Materials | Hacked Robot Schematics ------------------ None Fabricated ------------ Nothing Repaired ---------- Nothing Studied --------- None Alien Tech Used ----------------- None Achievements -------------- None Challenges ------------ None Game ------ Seed DefenseCooledShearcannon Manual? 0 Play Time 00:07:03 Cumulative 1185.0 hours Start 2025.12.25 @ 23:15:21 End 2025.12.25 @ 23:26:51 Sessions 1 Manual Loads 0 Difficulty Rogue Special Mode None Game No. 414 Rogue 409 Adventurer 4 Explorer 1 Win Type - Total 25 Types 13/5/1/2/0/1/0/0/2/1 Lore% 97 Gallery% 96 Achievement% 82 Wizard Run 0 Options --------- Layout 0 ASCII 0 Keyboard 0 Movement Numpad Keybinds 0 Fullscreen 2 Font 18/SmallcapsGlow Map View 76x50 Zoom Use 0% Tactical HUD 1 Map Filters NONE Filters NONE Steam 1 RUN: 952960c9-17cf-4464-815e-ddc0c9b58c4a